 Dungeon Crawl Stone Soup version 0.28-a0-726-g4a9143789a (webtiles) character file.

Game seed: 11920863884167425985

47428 kae the Covert (level 14, -3/66 HPs)
             Began as a Spriggan Enchanter on Oct 27, 2021.
             Was the Champion of Dithmenos.
             Slain by a death yak (20 damage)
             ... on level 6 of the Lair of Beasts.
             The game lasted 00:26:54 (28557 turns).

kae the Covert (Spriggan Enchanter)                Turns: 28557, Time: 00:26:55

Health: -3/66      AC:  4    Str:  9 (10) XL:     14   Next: 8%
Magic:  28/30      EV: 18    Int: 22      God:    Dithmenos [******]
Gold:   1180       SH: 16    Dex: 20      Spells: 23/35 levels left

rFire   + . .      SeeInvis +   o - +3 dagger (elec)
rCold   + . .      Faith    .   k - +3 buckler "Cekluyr" {rPois rC+ rN+}
rNeg    + . .      Spirit   .   p - +2 robe {rF+}
rPois   +          Reflect  +   (helmet restricted)
rElec   +          Harm     .   E - scarf {+Inv}
rCorr   .          Rampage  .   (gloves unavailable)
Will    ++...      Clarity  +   (boots unavailable)
Stlth   ++++++++++              C - amulet of Pijecluu {Reflect rElec Str+3 Dex+2 SH+5}
HPRegen 0.21/turn               l - ring of flight
MPRegen 0.22/turn               t - +6 ring of intelligence

@: confusing by touch, flying, wreathed by umbra, studying Long Blades, very
quick
A: very small, no large weapons, unfitting armour, see invisible, speed 3, claws
1, clarity, deterioration 1, subdued magic 1
a: Renounce Religion, Evoke Invisibility, Shadow Step, Shadow Form


You were on level 6 of the Lair of Beasts.
You worshipped Dithmenos.
Dithmenos was exalted by your worship.
You visited 2 branches of the dungeon, and saw 17 of its levels.

You collected 1268 gold pieces.
You spent 88 gold pieces at shops.

Inventory:

Hand Weapons
 a - a +1 dagger
 o - a +3 dagger of electrocution (weapon)
Missiles
 X - a throwing net (quivered)
Armour
 b - a +0 robe
 f - a +2 buckler of protection
 i - a +0 cloak
 k - the +3 buckler "Cekluyr" (worn) {rPois rC+ rN+}
   (You found it on level 4 of the Dungeon)

   rC:        It protects you from cold.
   rPois:     It protects you from poison.
   rN:        It protects you from negative energy.
 p - a +2 robe of fire resistance (worn)
 E - a scarf of invisibility (worn)
 P - +1 steam dragon scales
Jewellery
 g - a ring of fire
 l - a ring of flight (left claw)
 t - a +6 ring of intelligence (right claw)
 v - a ring of ice
 x - a ring of ice
 A - a ring of resist corrosion
 C - the amulet of Pijecluu (around neck) {Reflect rElec Str+3 Dex+2 SH+5}
   (You found it on level 6 of the Dungeon)

   [amulet of reflection]

   It reflects blocked missile attacks.
   Str:       It affects your strength (+3).
   Dex:       It affects your dexterity (+2).
   rElec:     It insulates you from electricity.
   SH:        It affects your SH (+5).
 H - a +6 ring of dexterity
 J - an amulet of faith
 O - an amulet of magic regeneration
 Q - a ring of poison resistance
 S - a +6 ring of strength
 T - a ring of protection from fire
 W - a ring of magical power
 Y - a +4 ring of protection
Wands
 B - a wand of charming (8)
 D - a wand of iceblast (13)
 I - a wand of acid (9)
 R - a wand of paralysis (19)
 U - a wand of flame (36)
Scrolls
 e - 11 scrolls of identify
 q - 2 scrolls of magic mapping
 w - 2 scrolls of fear
 y - a scroll of amnesia
 F - 4 scrolls of enchant weapon
 K - a scroll of teleportation
 L - a scroll of blinking
 N - a scroll of holy word
 V - a scroll of fog
Potions
 c - 2 potions of invisibility
 d - 6 potions of curing
 h - 3 potions of cancellation
 j - 3 potions of might
 m - 4 potions of brilliance
 n - 8 potions of heal wounds
 r - a potion of degeneration
 s - 3 potions of mutation
 u - a potion of attraction
 z - a potion of ambrosia
 G - 2 potions of berserk rage
 M - 2 potions of flight


   Skills:
 + Level 4.0 Fighting
 * Level 13.9 Short Blades
 - Level 2.6 Dodging
 + Level 14.3 Stealth
 + Level 6.7 Shields
 + Level 11.1 Spellcasting
 + Level 11.4 Hexes
 + Level 7.5 Invocations
 * Level 10.4 Evocations


You had 23 spell levels left.
You knew the following spells:

 Your Spells              Type           Power      Damage    Failure   Level
a - Ensorcelled Hibernat  Hex/Ice        56%        N/A       1%          2
b - Confusing Touch       Hex            48%        N/A       1%          3
c - Tukima's Dance        Hex            48%        N/A       1%          3
d - Dazzling Flash        Conj/Hex       56%        N/A       1%          3
e - Sting                 Tmut/Pois      36%        1d4       4%          1

Your spell library contained the following spells:

 Spells                   Type           Power      Damage    Failure   Level
 Slow                     Hex            48%        N/A       1%          2
 Animate Skeleton         Necr           18%        N/A       4%          1
 Magic Dart               Conj           36%        1d4       4%          1
 Pain                     Necr           36%        1d5       4%          1
 Call Imp                 Summ           9%         N/A       7%          2
 Poisonous Vapours        Pois/Air       18%        N/A       7%          2
 Yara's Violent Unravell  Hex/Tmut       14%        3d7       12%         5
 Ignite Poison            Fire/Tmut/Pois 9%         N/A       14%         3
 Mephitic Cloud           Conj/Pois/Air  9%         N/A       14%         3
 Ozocubu's Armour         Ice            9%         N/A       14%         3
 Vampiric Draining        Necr           4%         2d6       14%         3
 Animate Dead             Necr           4%         N/A       45%         4
 Ice Form                 Ice/Tmut       9%         N/A       45%         4
 Olgreb's Toxic Radiance  Pois           9%         N/A       45%         4
 Freezing Cloud           Conj/Ice/Air   4%         6-21      80%         5
 Discord                  Hex            24%        N/A       96%         8
 Conjure Ball Lightning   Conj/Air       4%         3x3d6     100%        6
 Dragon Form              Tmut           4%         N/A       100%        7
 Haunt                    Necr/Summ      4%         N/A       100%        7
 Ozocubu's Refrigeration  Ice            4%         4d5       100%        7
 Disjunction              Tloc           4%         N/A       100%        8
 Infestation              Necr           4%         N/A       100%        8


Dungeon Overview and Level Annotations

Branches:
Dungeon (11/15)            Temple (0/1) D:7            Lair (6/6) D:11
  Swamp (0/4) Lair:2        Snake (0/4) Lair:2          Orc (0/2) D:11
  Slime: Lair:5-6

Altars:
Cheibriados
Dithmenos
Elyvilon
Fedhas
Makhleb
Nemelex Xobeh
Okawaru
Ru
Sif Muna
Vehumet
Wu Jian
Yredelemnul
Jiyva

Shops:
D:2 *   D:8 (   D:11 [

Annotations:
D:6 2 transporters, 2 runed translucent doors, casual's ghost, novice DsTm
D:9 2 transporters, exclusion: statue
Lair:2 2 exclusions
Lair:4 exclusion: orange crystal statue


Innate Abilities, Weirdness & Mutations

You are very small and have problems with some larger weapons.
You are too small for most types of armour.
You have supernaturally acute eyesight. (SInv)
You cover ground extremely quickly. (Speed+++)
You have sharp fingernails.
You possess an exceptional clarity of mind.
Your body sometimes deteriorates upon taking damage.
Your spells are a little easier to cast, but a little less powerful.


Message History

Casting: Ensorcelled Hibernation (safe; 1% risk of failure)
Confirm with . or Enter, or press ? or * to list all spells.
You can't see any susceptible monsters within range! (Use Z to cast anyway.)
Casting: Ensorcelled Hibernation (safe; 1% risk of failure)
Confirm with . or Enter, or press ? or * to list all spells.
You can't see any susceptible monsters within range! (Use Z to cast anyway.)
The helpless harpy fails to defend herself.
You skewer the harpy like a kebab!!!!!
You kill the harpy!
Dithmenos accepts your kill.
No target in view!
A death yak is nearby!
A death yak is nearby!
A death yak is nearby!
A death yak is nearby!
The death yak bellows!
You hear a bellow! x2
A death yak is nearby!
You start waiting.
A death yak is nearby!
You start waiting.
A death yak is nearby!
There is a stone staircase leading up here.
A death yak is nearby!
Casting: Ensorcelled Hibernation (safe; 1% risk of failure)
Confirm with . or Enter, or press ? or * to list all spells.
Your claws begin to glow red.
You hit the death yak but do no damage. You block the death yak's attack.
You completely miss the death yak. You hit the death yak but do no damage.
The death yak gores you!!
Your body deteriorates!
You feel weakened.
You emit a cloud of dark smoke.
You hit the death yak but do no damage. You hit the death yak but do no damage.
The death yak gores you!!
* * * LOW HITPOINT WARNING * * *
You emit a cloud of dark smoke.
You are too injured to fight recklessly!
You are too injured to fight recklessly!
You are too injured to fight recklessly!
The death yak gores you!!
You die...

##..####...P.....#.
##...##.#.........#
#.#................
#...............#..
##...##.............
#.§P.#..........P..Y
##§§§................
#.§§§§...............
##§§@Y§..............
#.P§§§§#.............
#.§§§§§#.#...........
##.......###.........
#P...............#..
#........?.......##.
##.#.#..P........##.
#..####.#P.......##.
##..###........###..


You could see a death yak.

Vanquished Creatures
  4 hydras
  2 boulder beetles
  A catoblepas (Lair:1)
  A centaur warrior (D:8)
  5 two-headed ogres
  Urug (Lair:4)
  9 death yaks
  A sea snake (Lair:6)
  2 lindwurms (Lair:4)
  Pikel (D:4)
  2 harpies (Lair:6)
  An ugly thing (D:6)
  2 manticores (Lair:6)
  2 elephants (Lair:6)
  3 black mambas
  12 cane toads
  2 centaur zombies
  Maggie (D:9)
  A rime drake (Lair:6)
  5 komodo dragons
  A troll (D:11)
  2 wind drakes (Lair:6)
  3 polar bears
  5 hornets
  A hornet (shapeshifter) (D:10)
  20 blink frogs
  Sigmund (D:4)
  10 wyverns
  30 yaks
  A wraith (D:11)
  3 basilisks
  5 steam dragons
  8 vampire mosquitoes
  2 acid dragons
  21 water moccasins
  4 orc warriors
  2 sky beasts
  5 black bears
  11 wolves
  2 phantoms
  2 necrophages
  2 ogres
  3 centaurs
  2 kobold brigands
  2 gnoll sergeants
  18 bullfrogs
  3 scorpions
  3 killer bees
  14 wights
  3 howler monkeys (D:9)
  3 electric eels
  A bullfrog zombie (D:5)
  2 jellies
  2 bullfrog skeletons (D:6)
  3 orc priests
  A gnoll shaman (D:4)
  A hound (D:4)
  2 centaur skeletons
  6 iguanas
  2 orc wizards
  A hound zombie (D:5)
  Robin (D:2)
  11 gnolls
  7 adders
  2 shadow imps
  2 white imps (D:6)
  An ufetubus (D:5)
  An adder zombie (D:2)
  2 worms
  3 dart slugs
  25 orcs
  5 bats
  4 endoplasms
  5 giant cockroaches
  16 goblins
  14 hobgoblins
  3 jackals (D:3)
  5 quokkas
  8 ball pythons
  A ball python skeleton (D:2)
  A ball python zombie (D:2)
  A frilled lizard (D:3)
  A giant cockroach zombie (D:2)
  14 kobolds
  6 rats
  A spectral orc (D:3)
411 creatures vanquished.

Vanquished Creatures (collateral kills)
  A gnoll (D:8)
1 creature vanquished.

Vanquished Creatures (others)
  A shadow imp (D:8)
  A bush (Lair:2)
  29 fungi
  73 plants
  2 withered plants (D:2)
106 creatures vanquished.

Grand Total: 518 creatures vanquished

Notes
Turn   | Place    | Note
-------+----------+-------------------------------------------
     0 | D:1      | kae the Spriggan Enchanter began the quest for the Orb.
     0 | D:1      | Reached XP level 1. HP: 9/9 MP: 5/5
   462 | D:1      | Reached XP level 2. HP: 13/13 MP: 6/6
   475 | D:1      | Learned a level 2 spell: Ensorcelled Hibernation
   624 | D:1      | Found a faded altar of an unknown god.
   752 | D:1      | Gained mutation: You have sharp fingernails. [potion of
                  | mutation]
   752 | D:1      | Gained mutation: Your spells are a little easier to cast,
                  | but a little less powerful. [potion of mutation]
   752 | D:1      | Gained mutation: Your body sometimes deteriorates upon
                  | taking damage. [potion of mutation]
   752 | D:1      | Gained mutation: You possess an exceptional clarity of
                  | mind. [potion of mutation]
  1472 | D:1      | Reached XP level 3. HP: 16/16 MP: 3/8
  1737 | D:2      | Identified a scroll of acquirement
  1737 | D:2      | Acquired a +2 buckler of protection
  1885 | D:2      | Reached skill level 5 in Stealth
  2045 | D:2      | Learned a level 3 spell: Confusing Touch
  2049 | D:2      | Learned a level 3 spell: Tukima's Dance
  2427 | D:2      | Noticed Robin
  2453 | D:2      | Killed Robin
  2454 | D:2      | Reached XP level 4. HP: 21/21 MP: 5/10
  2572 | D:2      | Found Jutraur's General Store.
  2580 | D:2      | Bought a potion of heal wounds for 55 gold pieces
  2580 | D:2      | Bought a potion of curing for 33 gold pieces
  3226 | D:3      | Found a shadowy altar of Dithmenos.
  3236 | D:3      | Became a worshipper of Dithmenos the Shadowed
  3425 | D:3      | Reached XP level 5. HP: 24/24 MP: 9/11
  3602 | D:3      | Found a blossoming altar of Fedhas.
  3660 | D:3      | Found a basalt altar of Yredelemnul.
  3784 | D:4      | Identified the +3 buckler "Cekluyr" {rPois rC+ rN+}
  3863 | D:4      | Found an iron altar of Okawaru.
  4056 | D:4      | Noticed a lemure
  4061 | D:4      | Noticed an ogre
  4062 | D:4      | Noticed a necrophage
  4235 | D:4      | Noticed Sigmund
  4239 | D:4      | Killed Sigmund
  4240 | D:4      | Reached skill level 6 in Stealth
  4240 | D:4      | Reached skill level 1 in Shields
  4240 | D:4      | Reached XP level 6. HP: 21/28 MP: 7/13
  4415 | D:4      | Identified the +0 chain mail "Tig Dul" {rCorr Int+4 Stlth+}
  4418 | D:4      | Noticed Pikel
  4436 | D:4      | Killed Pikel
  4437 | D:4      | Reached skill level 5 in Short Blades
  4437 | D:4      | Reached skill level 7 in Stealth
  4437 | D:4      | Reached skill level 5 in Spellcasting
  4437 | D:4      | Reached skill level 5 in Hexes
  4437 | D:4      | Reached XP level 7. HP: 21/32 MP: 9/15
  4458 | D:4      | Reached * piety under Dithmenos
  4769 | D:4      | Reached XP level 8. HP: 35/36 MP: 8/16
  5325 | D:5      | Entered Level 5 of the Dungeon
  5537 | D:5      | Found an ornate altar of the Wu Jian Council.
  5903 | D:5      | Reached skill level 8 in Stealth
  6699 | D:6      | Reached XP level 9. HP: 31/39 MP: 10/19
  7035 | D:6      | Found a transporter.
  7036 | D:6      | Noticed casual's ghost (novice DsTm)
  7037 | D:6      | Identified the +1 ring mail of the Eagle {Contam Str+5
                  | Stlth+}
  7046 | D:6      | Found a transporter.
  7095 | D:6      | Reached skill level 9 in Stealth
  7978 | D:6      | Found a large runed translucent door.
  7978 | D:6      | Found a large runed translucent door.
  7983 | D:6      | Noticed a green ugly thing
  7985 | D:6      | Noticed a two-headed ogre
  7991 | D:6      | Found a large runed translucent door.
  7991 | D:6      | Found a large runed translucent door.
  8041 | D:6      | Noticed a two-headed ogre
  8044 | D:6      | Killed a two-headed ogre
  8045 | D:6      | Reached skill level 1 in Invocations
  8120 | D:6      | Reached ** piety under Dithmenos
  8626 | D:6      | Identified the amulet of Pijecluu {Reflect rElec Str+3
                  | Dex+2 SH+5}
  8641 | D:6      | Killed a two-headed ogre
  8642 | D:6      | Reached skill level 10 in Stealth
  8642 | D:6      | Reached XP level 10. HP: 44/44 MP: 18/22
  8674 | D:6      | Identified the +7 hunting sling "Useacs" {venom, rF+ rCorr}
  9128 | D:6      | Killed a green ugly thing
  9167 | D:6      | Found a transporter.
  9170 | D:6      | Found a transporter.
  9557 | D:7      | Found a staircase to the Ecumenical Temple.
 10432 | D:7      | Found a snail-covered altar of Cheibriados.
 10435 | D:7      | Found a burning altar of Makhleb.
 10855 | D:8      | Found Illor's Antique Weapon Shop.
 10884 | D:8      | Noticed a centaur warrior
 11170 | D:8      | Reached *** piety under Dithmenos
 11190 | D:8      | Killed a centaur warrior
 11191 | D:8      | Reached skill level 10 in Short Blades
 11684 | D:8      | Reached skill level 11 in Stealth
 12063 | D:9      | Reached XP level 11. HP: 47/47 MP: 7/24
 12152 | D:9      | Found a transporter.
 12180 | D:9      | Found a transporter.
 12207 | D:9      | Noticed Maggie
 12350 | D:9      | Killed Maggie
 12586 | D:9      | Found a shimmering blue altar of Sif Muna.
 12767 | D:9      | Found a sparkling altar of Nemelex Xobeh.
 12808 | D:9      | Found a sacrificial altar of Ru.
 12829 | D:9      | Noticed a two-headed ogre
 12836 | D:9      | Killed a two-headed ogre
 12837 | D:9      | Reached skill level 5 in Shields
 12897 | D:9      | Got Sif Muna's Disquisition on the Volcanoes and the
                  | Frostbite
 13204 | D:9      | Found a radiant altar of Vehumet.
 13288 | D:10     | Entered Level 10 of the Dungeon
 13399 | D:10     | Reached skill level 1 in Evocations
 13591 | D:10     | Found a white marble altar of Elyvilon.
 13721 | D:10     | Reached **** piety under Dithmenos
 14372 | D:11     | Noticed a two-headed ogre
 15045 | D:11     | Reached skill level 5 in Invocations
 15084 | D:11     | Noticed a two-headed ogre
 15089 | D:11     | Killed a two-headed ogre
 15090 | D:11     | Reached skill level 12 in Stealth
 15114 | D:11     | Noticed a boulder beetle
 15116 | D:11     | Found Lusareunk's Antique Armour Boutique.
 15143 | D:10     | Killed a two-headed ogre
 15469 | D:11     | Killed a boulder beetle
 15617 | D:11     | Found a staircase to the Lair.
 15740 | D:11     | Found a staircase to the Orcish Mines.
 15838 | Lair:1   | Entered Level 1 of the Lair of Beasts
 15903 | Lair:1   | Got the Catalogue of Transmutation
 16018 | Lair:1   | Reached skill level 5 in Evocations
 16018 | Lair:1   | Reached XP level 12. HP: 51/51 MP: 21/26
 16359 | Lair:1   | Reached ***** piety under Dithmenos
 16369 | Lair:1   | Reached skill level 10 in Hexes
 16514 | Lair:1   | Noticed a catoblepas
 16518 | Lair:1   | Killed a catoblepas
 16519 | Lair:1   | Reached skill level 1 in Fighting
 16541 | Lair:1   | Noticed an eight-headed hydra
 16548 | Lair:1   | Killed an eight-headed hydra
 16666 | Lair:1   | Noticed a four-headed hydra
 16672 | Lair:1   | Killed a four-headed hydra
 17033 | Lair:2   | Noticed a death yak
 17035 | Lair:2   | Noticed a death yak
 17035 | Lair:2   | Noticed a death yak
 17064 | Lair:2   | Noticed a death yak
 17072 | Lair:2   | Killed a death yak
 17255 | Lair:2   | Found a staircase to the Snake Pit.
 17504 | Lair:2   | Killed a death yak
 17505 | Lair:2   | Reached skill level 13 in Stealth
 17994 | Lair:2   | Reached skill level 10 in Spellcasting
 18288 | Lair:2   | Found a staircase to the Swamp.
 19077 | Lair:3   | Noticed a five-headed hydra
 19082 | Lair:3   | Killed a five-headed hydra
 19108 | Lair:3   | Noticed an eight-headed hydra
 19119 | Lair:3   | Killed an eight-headed hydra
 19805 | Lair:3   | Reached XP level 13. HP: 42/59 MP: 19/28
 20358 | Lair:4   | Noticed Urug
 20365 | Lair:4   | Killed Urug
 22601 | Lair:4   | Learned a level 3 spell: Dazzling Flash
 22603 | Lair:4   | Learned a level 1 spell: Sting
 25481 | Lair:5   | Reached skill level 14 in Stealth
 26586 | Lair:6   | Entered Level 6 of the Lair of Beasts
 26735 | Lair:6   | Found a viscous altar of Jiyva.
 26777 | Lair:6   | Reached skill level 10 in Evocations
 26783 | Lair:6   | Reached ****** piety under Dithmenos
 27805 | Lair:6   | Reached XP level 14. HP: 65/65 MP: 20/30
 28557 | Lair:6   | Slain by a death yak

Illustrated notes

Levels and vault maps discovered:
D:1:      dpeg_arrival_boxorama, layout_rooms, chequers_ecumenical_altar_island
D:2:      layout_basic, serial_undead, serial_undead_f, serial_undead_c,
          serial_undead_c, serial_undead_a, serial_shops,
          nicolae_shop_waterfront, uniq_robin
D:3:      layout_rooms, general_overflow_altar,
          yredelemnul_forgotten_temple_becter, mainiacjoe_overflow_brackets,
          feat_on_display
D:4:      layout_loops_ring, old_standard_altar, chequers_garden,
          minmay_fractal_squares_diagonal_5, uniq_sigmund, uniq_pikel
D:5:      layout_rooms, mainiacjoe_overflow_24_doors, serial_bayou_pond_d
D:6:      kennysheep_six_static_rooms, layout_loops_ring,
          gammafunk_ghost_gnarly_gnolls, minmay_hollow_rounded_squares
D:7:      layout_gridville, minitemple, temple_hall
D:8:      layout_basic, serial_shops, shop_statue, dk_rats_in_the_wall
D:9:      gammafunk_steamed_eel, layout_basic, nicolae_ru_the_path_less_chosen,
          overflow_temple_1_default, vehumet_statue, old_standard_altar,
          uniq_maggie
D:10:     layout_basic, kennysheep_mini
D:11:     cheibrodos_steamvent, layout_cave_pools, lair_entry_dummy,
          orc_0_dummy, nicolae_take_the_stairs
Lair:1:   layout_long_grid, lemuel_fruit_tree, serial_bayou_shore_b,
          grunt_megastairs_3, serial_bayou_shore_b, serial_bayou_shore_a
Lair:2:   layout_cave_pods, minmay_swamp_entry_reptiles, dummy_snake_entry
Lair:3:   cheibrodos_lair_overgrown_chateau, layout_cave_pods,
          infiniplex_staircase_pool_2, grunt_megastairs_1
Lair:4:   statuecave_lemuel, layout_cave_pods, grunt_megastairs_2, uniq_urug
Lair:5:   layout_regular_city, st_stairs_12, grunt_megastairs_4
Lair:6:   gammafunk_lair_ancient_temple, layout_layer_cave, slime_altar_1

Skill      XL: |  1  2  3  4  5  6  7  8  9 10 11 12 13 14 |
---------------+-------------------------------------------+-----
Spellcasting   | 3 4 5 6 7 8 9 10 11 | 11.1
Short Blades   | 2 3 4 5 7 9 10 11 12 13 | 13.9
Hexes          | 4 5 6 8 9 10 11 | 11.4
Stealth        | 5 6 7 8 10 11 12 13 14 | 14.3
Shields        | 1 2 3 4 5 6 |  6.7
Invocations    | 2 4 5 6 7 |  7.5
Evocations     | 5 8 10 | 10.4
Fighting       | 2 3 4 |  4.0
Dodging        | |  2.6

Action                   |  1- 3 |  4- 6 |  7- 9 | 10-12 | 13-15 || total
-------------------------+-------+-------+-------+-------+-------++-------
Melee: Dagger            |   167 |   185 |   206 |   476 |   366 ||  1400
 Cast: Ensorcelled Hiber |    31 |    22 |    40 |   212 |   317 ||   622
       Confusing Touch   |     2 |       |    15 |    19 |    22 ||    58
       Tukima's Dance    |       |       |       |     2 |       ||     2
       Sting             |       |       |       |       |    68 ||    68
  Use: Potion            |     1 |       |       |       |       ||     1
       Scroll            |     2 |     6 |     7 |    10 |     2 ||    27
 Stab: Sleeping          |    23 |    18 |    34 |   131 |    58 ||   264
       Confused          |     1 |       |    13 |    16 |    16 ||    46
       Distracted        |       |       |     1 |     1 |     1 ||     3
Armor: Robe              |    15 |    33 |       |    23 |    10 ||    81
       Skin              |       |       |     4 |       |       ||     4
Dodge: Dodged            |   118 |   106 |    75 |   209 |   102 ||   610
Block: Buckler           |    25 |    65 |    63 |   333 |   195 ||   681
       Reflection        |       |       |       |     4 |     1 ||     5

Table legend: (Time is in decaauts)
 A = Elapsed time spent in this place.
 B = Non-inter-level travel time spent in this place.
 C = Inter-level travel time spent in this place.
 D = Time resting spent in this place.
 E = Time spent auto-exploring this place.
 F = Levels seen in this place.
 G = Mean time per level.
                   A        B        C        D        E       F      G
               +--------+--------+--------+--------+--------+-----+--------+
         Total |  23106 |  22551 |    555 |   9006 |   9717 |  17 | 1359.2 |
       Dungeon |  12730 |  12433 |    297 |   4253 |   6021 |  11 | 1157.3 |
          Lair |  10375 |  10117 |    258 |   4752 |   3695 |   6 | 1729.2 |
               +--------+--------+--------+--------+--------+-----+--------+

Top non-repeatable levels by time:
  Lair:4: 4831 daAuts
     D:6: 1952 daAuts
    D:10: 1649 daAuts
     D:4: 1647 daAuts
     D:1: 1480 daAuts
  Lair:5: 1286 daAuts
  Lair:2: 1230 daAuts
  Lair:6: 1178 daAuts
     D:2: 1070 daAuts
     D:5: 1038 daAuts
  Lair:3: 971 daAuts
     D:9: 966 daAuts
     D:7: 954 daAuts
     D:8: 886 daAuts
  Lair:1: 877 daAuts
